 Dungeon Crawl Stone Soup version 0.31-a0-656-gb4d89c20fa (webtiles) character file.

Game seed: 2094137704367217409

1208 tilp the Sneak (level 8, -4/60 HPs)
             Began as a Vampire Enchanter on Aug 31, 2023.
             Was a Follower of Wu Jian.
             Slain by an ogre
             ... wielding a +0 giant spiked club
              (29 damage)
             ... on level 6 of the Dungeon.
             The game lasted 00:08:55 (5251 turns).

tilp the Sneak (Vampire Enchanter)                  Turns: 5251, Time: 00:08:56

Health: -4/60      AC:  7    Str:  7    XL:     8   Next: 21%
Magic:  1/13       EV: 12    Int: 19    God:    Wu Jian [*.....]
Gold:   268        SH:  0    Dex: 15    Spells: 3/14 levels left

rFire   . . .        a - +2 dagger
rCold   + . .        (no shield)
rNeg    . . .        j - +0 leather armour {rC+}
rPois   .            (no helmet)
rElec   .            o - +2 cloak
rCorr   .            (no gloves)
SInv    +            t - +0 pair of boots
Will    +....        (no amulet)
Stlth   +++          g - ring of willpower
HPRegen 0.50/turn    (no ring)
MPRegen 0.13/turn

%: no passive effects
@: healing quickly
A: alive, fangs 3, see invisible, vampiric 2
a: Exsanguinate, Renounce Religion


You were on level 6 of the Dungeon.
You worshipped Wu Jian.
Wu Jian was aware of your devotion.
You visited 1 branch of the dungeon, and saw 6 of its levels.

You collected 268 gold pieces.

Inventory:

Hand Weapons
 a - a +2 dagger (weapon)
Missiles
 u - 10 poisoned darts (quivered)
Armour
 b - a +0 robe
 j - a +0 leather armour of cold resistance (worn)
 o - a +2 cloak (worn)
 t - a +0 pair of boots (worn)
Jewellery
 e - a ring of ice
 g - a ring of willpower (left hand)
Wands
 f - a wand of roots (2)
Scrolls
 h - a scroll of fog
 i - a scroll of fear
 p - 3 scrolls of teleportation
Potions
 c - 2 potions of invisibility
 d - a potion of brilliance
 l - 2 potions of enlightenment
 m - a potion of cancellation
 n - 3 potions of heal wounds
 q - a potion of curing
 r - a potion of ambrosia {unknown}
 s - a potion of haste {unknown}


   Skills:
 * Level 4.2 Fighting
 * Level 5.2 Short Blades
 - Level 4.0 Dodging
 + Level 6.8 Stealth
 + Level 3.5 Spellcasting
 + Level 6.6 Hexes
 - Level 2.0 Evocations


You had 3 spell levels left.
You knew the following spells:

 Your Spells              Type           Power      Damage    Failure   Level
a - Ensorcelled Hibernat  Hex/Ice        30%        N/A       9%          2
b - Confusing Touch       Hex            28%        N/A       4%          3
c - Tukima's Dance        Hex            28%        N/A       4%          3
d - Dazzling Flash        Conj/Hex       30%        N/A       17%         3

Your spell library contained the following spells:

 Spells                   Type           Power      Damage    Failure   Level
 Blink                    Tloc           6%         N/A       32%         2
 Lesser Beckoning         Tloc           6%         N/A       32%         2
 Momentum Strike          Conj/Tloc      6%         3d8       32%         2
 Simulacrum               Ice/Necr       1%         N/A       100%        6
 Ozocubu's Refrigeration  Ice            1%         4d7       100%        7
 Polar Vortex             Ice            1%         N/A       100%        9


Dungeon Overview and Level Annotations

Branches:
Dungeon (6/15)             Temple (0/1) D:4

Altars:
Kikubaaqudgha
Wu Jian
Xom

Annotations:
D:5 1 runed translucent door, baljet's ghost, novice TrFi


Innate Abilities, Weirdness & Mutations

Your natural rate of healing is accelerated.
You have razor-sharp teeth.
You have supernaturally acute eyesight. (SInv)
You are afflicted with vampirism and can become a bat while bloodless.


Message History

Press: ? - help, Shift-Dir - straight line, f/p - orc warrior
Aim: an orc warrior, wielding a +0 scimitar and wearing a +0 chain mail (moderately wounded)
The roots erupt in riotous growth!
Roots grab the orc warrior.
The grasping roots constrict the orc warrior, but do no damage.
You hear a shout!
You hear an angry hiss.
The orc warrior hits you with a +0 scimitar.
Unknown command.
You hit the orc warrior.
The orc warrior is heavily wounded.
The grasping roots constrict the orc warrior.
The orc warrior hits you with a +0 scimitar.
You hit the orc warrior but do no damage.
The orc warrior is severely wounded.
The grasping roots constrict the orc warrior.
The roots release their grip on the orc warrior.
The orc warrior hits you with a +0 scimitar!
* * * LOW HITPOINT WARNING * * *
You barely miss the orc warrior. You bite the orc warrior.
The orc warrior is almost dead.
The orc warrior closely misses you.
Unknown command.
Aiming: Fastroot
Press: ? - help, Shift-Dir - straight line, f/p - orc warrior
Aim: an orc warrior, wielding a +0 scimitar and wearing a +0 chain mail (severely wounded)
The roots erupt in riotous growth!
Roots grab the orc warrior.
The grasping roots constrict the orc warrior!
You kill the orc warrior!
The Council accepts your kill.
Training target 2.0 for Evocations reached!
Your Evocations skill increases to level 2!
Unknown command.
Unknown command.
Your magical contamination has completely faded away.
Items here: )) [[.
An ogre comes into view. It is wielding a +0 giant spiked club.
The ogre attacks as it pursues you!
The ogre hits you with a +0 giant spiked club!!
You die...

## ### ###. ..#
####...####.#.#.
.o.o>..........(
########.####.#
..#.O@.#†#
#.####)#.#
####.####'#.#
#.........[.#
#...).......#
#...........####
#..............#
#....(..<..###.#
######.........#


You could see an ogre.

Vanquished Creatures
  Menkaure (D:4)
  A water moccasin (D:5)
  An orc warrior (D:6)
  A black bear (D:4)
  An ogre (D:4)
  A centaur (D:6)
  A bullfrog (D:6)
  A scorpion (D:4)
  A howler monkey (D:5)
  A hound (D:5)
  Crazy Yiuf (D:4)
  An orc priest (D:4)
  4 orc wizards
  4 gnolls (D:2)
  12 adders
  3 ufetubi (D:5)
  2 worms
  4 dart slugs
  16 orcs
  6 ball pythons
  4 bats
  9 endoplasms
  A giant cockroach (D:1)
  9 goblins
  10 hobgoblins
  5 jackals
  4 quokkas
  2 frilled lizards (D:1)
  9 kobolds
  10 rats
126 creatures vanquished.

Vanquished Creatures (others)
  A dancing weapon (D:4)
1 creature vanquished.

Grand Total: 127 creatures vanquished

Notes
Turn   | Place    | Note
-------+----------+-------------------------------------------
     0 | D:1      | tilp the Vampire Enchanter began the quest for the Orb.
     0 | D:1      | Reached XP level 1. HP: 13/13 MP: 3/3
   110 | D:1      | Reached XP level 2. HP: 12/20 MP: 5/5
   113 | D:1      | Learned a level 2 spell: Ensorcelled Hibernation
   337 | D:1      | Reached skill level 1 in Fighting
   745 | D:1      | Gained mutation: You are afflicted with vampirism and can
                  | become a bat while bloodless. [Vampire growth]
   745 | D:1      | Reached XP level 3. HP: 24/26 MP: 6/6
   749 | D:1      | Learned a level 3 spell: Confusing Touch
  1294 | D:2      | Found a shimmering altar of Xom.
  1533 | D:2      | Reached XP level 4. HP: 32/32 MP: 7/7
  1734 | D:2      | Reached skill level 5 in Stealth
  2200 | D:2      | Reached skill level 5 in Hexes
  2376 | D:3      | Reached XP level 5. HP: 38/38 MP: 3/8
  2469 | D:3      | Learned a level 3 spell: Tukima's Dance
  2757 | D:3      | Found an ornate altar of the Wu Jian Council.
  2772 | D:3      | Became a worshipper of the Wu Jian Council
  3272 | D:3      | Found an ancient bone altar of Kikubaaqudgha.
  3587 | D:4      | Found a runed translucent door.
  3588 | D:4      | Noticed Crazy Yiuf
  3660 | D:4      | Found a staircase to the Ecumenical Temple.
  3660 | D:4      | Noticed an ogre
  3680 | D:4      | Killed an ogre
  3681 | D:4      | Reached XP level 6. HP: 46/46 MP: 4/10
  3815 | D:4      | Reached * piety under Wu Jian
  3863 | D:4      | Noticed Menkaure
  3865 | D:4      | Killed Menkaure
  3866 | D:4      | Reached skill level 1 in Evocations
  3866 | D:4      | Reached XP level 7. HP: 52/52 MP: 11/11
  3908 | D:4      | Learned a level 3 spell: Dazzling Flash
  4224 | D:4      | Killed Crazy Yiuf
  4267 | D:5      | Entered Level 5 of the Dungeon
  4314 | D:5      | Found a runed translucent door.
  4319 | D:5      | Noticed baljet's ghost (novice TrFi)
  5160 | D:6      | Reached XP level 8. HP: 60/60 MP: 11/13
  5212 | D:6      | Reached skill level 5 in Short Blades
  5251 | D:6      | Slain by an ogre

Illustrated notes

Levels and vault maps discovered:
D:1:      ncdulo_watergridlock, layout_basic, minmay_tetromino_t2
D:2:      layout_basic, basic_altar
D:3:      minmay_chambers_of_twos, layout_loops_ring,
          nicolae_wu_jian_immortal_techniques, mainiacjoe_overflow_paths,
          columned_hall_lemuel
D:4:      layout_rooms, minmay_temple_entry_slanted, uniq_crazy_yiuf_cottage,
          uniq_menkaure
D:5:      layout_rooms, ebering_ghost_sewer_d
D:6:      layout_basic

Skill      XL: |  1  2  3  4  5  6  7  8 |
---------------+-------------------------+-----
Fighting       | 1 2 3 4 |  4.2
Short Blades   | 2 3 4 5 |  5.2
Stealth        | 5 6 |  6.8
Hexes          | 5 6 |  6.6
Dodging        | 3 4 |  4.0
Spellcasting   | 3 |  3.5
Evocations     | 1 2 |  2.0

Action                     |  1- 3 |  4- 6 |  7- 9 || total
---------------------------+-------+-------+-------++-------
  Melee: Dagger            |    98 |   122 |   104 ||   324
         Bite              |     4 |     4 |    10 ||    18
         Punch             |       |       |     2 ||     2
  Throw: Stone             |       |     1 |       ||     1
   Cast: Ensorcelled Hiber |    13 |    36 |    27 ||    76
         Confusing Touch   |       |     1 |     2 ||     3
         Tukima's Dance    |       |     1 |       ||     1
Ability: Lunge             |       |    10 |    11 ||    21
  Evoke: Wand              |       |       |     2 ||     2
    Use: Scroll            |       |    13 |     3 ||    16
   Stab: Sleeping          |    21 |    33 |    19 ||    73
         Confused          |       |       |     1 ||     1
 Armour: Robe              |    20 |    18 |    10 ||    48
         Leather armour    |       |       |     8 ||     8
  Dodge: Dodged            |    44 |    65 |    68 ||   177

Table legend: (Time is in decaauts)
 A = Elapsed time spent in this place.
 B = Non-inter-level travel time spent in this place.
 C = Inter-level travel time spent in this place.
 D = Time resting spent in this place.
 E = Time spent auto-exploring this place.
 F = Levels seen in this place.
 G = Mean time per level.
                   A        B        C        D        E       F      G
               +--------+--------+--------+--------+--------+-----+--------+
         Total |   5211 |   5027 |    184 |    447 |   3463 |   6 |  868.5 |
       Dungeon |   5211 |   5027 |    184 |    447 |   3463 |   6 |  868.5 |
               +--------+--------+--------+--------+--------+-----+--------+

Top non-repeatable levels by time:
     D:1: 1363 daAuts
     D:3: 1114 daAuts
     D:2: 970 daAuts
     D:5: 878 daAuts
     D:4: 796 daAuts
     D:6: 88 daAuts
